 Dungeon Crawl Stone Soup version 0.31-a0-806-g0bc164a743 (webtiles) character file.

Game seed: 1633260158501379595

247 Hubris850 the Ruffian (level 5, 0/49 HPs)
             Began as a Troll Shapeshifter on Sept 20, 2023.
             Slain by a hobgoblin
             ... wielding a +0 club
              (3 damage)
             ... on level 3 of the Dungeon.
             The game lasted 00:09:12 (2415 turns).

Hubris850 the Ruffian (Troll Shapeshifter)          Turns: 2415, Time: 00:09:13

Health: 0/49       AC:  4    Str: 22    XL:     5   Next: 85%
Magic:  4/4        EV: 10    Int:  6    God:
Gold:   232        SH:  0    Dex: 11    Spells: 4/4 levels left

rFire   . .          .
                       - Unarmed
rCold   . . .        (no shield)
rNeg    . . .        a - +0 animal skin
rPois   .            (helmet currently unavailable)
rElec   .            (cloak currently unavailable)
rCorr   .            (gloves unavailable)
SInv    .            (boots unavailable)
Will    .....        (no amulet)
Stlth   +            (no ring)
HPRegen 1.08/turn    (no ring)
MPRegen 0.09/turn

%: no passive effects
@: beast-form
A: beast (slay +2), large, unfitting armour, claws 3, regeneration 1, shaggy fur
1, tough skin 1
a: Begin Untransformation


You were on level 3 of the Dungeon.
You were a hulking beast.
You visited 1 branch of the dungeon, and saw 3 of its levels.

You collected 232 gold pieces.

Inventory:

Hand Weapons
 e - a +0 hand axe
 l - a +3 short sword of speed
Missiles
 g - 5 poisoned darts
Armour
 a - a +0 animal skin (worn)
 m - a +1 hat
Talismans
 c - a beast talisman (active)
 d - a flux talisman
 j - a serpent talisman
Scrolls
 f - 2 scrolls of teleportation
 h - 2 scrolls of identify
 i - a scroll of fear
 n - a scroll of blinking
Potions
 b - a potion of lignification
 k - a potion of ambrosia
 o - a potion of enlightenment {unknown}


   Skills:
 - Level 2.0 Fighting
 + Level 3.0 Dodging
 + Level 4.3 Unarmed Combat
 + Level 4.0 Shapeshifting


You had 4 spell levels left.
You didn't know any spells.
Your spell library contained the following spells:

 Spells                   Type           Power      Damage    Failure   Level
 Sandblast                Erth           0%         2d4       45%         1
 Passwall                 Tmut/Erth      0%         N/A       58%         2
 Stone Arrow              Conj/Erth      0%         3d7       83%         3
 Summon Guardian Golem    Hex/Summ       0%         N/A       83%         3
 Brom's Barrelling Bould  Conj/Erth      0%         2d3       99%         4
 Orb of Destruction       Conj           0%         9d5       100%        7
 Spellforged Servitor     Conj/Summ      0%         N/A       100%        7


Dungeon Overview and Level Annotations

Branches:
Dungeon (3/15)

Altars:
Dithmenos
Ru

Shops:
D:3 (


Innate Abilities, Weirdness & Mutations

You are a hulking beast.
Your limbs bulge with bestial killing power. (Slay +2)
You are too large for most types of armour.
You have claws for hands.
Your natural rate of healing is unusually fast.
You are covered in fur. (AC +1)
You have tough skin. (AC +1)


Message History

The hobgoblin hits you with a +0 club. The goblin barely misses you.
The hobgoblin hits you but does no damage.
The goblin closely misses you. The goblin barely misses you.
You claw the goblin!
You kill the goblin!
The goblin hits you with a +0 club. The hobgoblin hits you with a +0 club.
The hobgoblin hits you but does no damage.
The goblin hits you but does no damage. x2
You are too injured to fight recklessly!
You are too injured to fight recklessly!
You are too injured to fight recklessly!
You are too injured to fight recklessly!
You barely miss the goblin. The goblin hits you with a +0 club.
The hobgoblin hits you but does no damage.
The hobgoblin hits you with a +0 club.
The goblin hits you but does no damage. x2
You closely miss the goblin. The goblin hits you with a +0 club.
The hobgoblin hits you with a +0 club. The hobgoblin closely misses you.
The goblin hits you but does no damage. The goblin barely misses you.
You claw the goblin!
You kill the goblin!
The hobgoblin hits you with a +0 club.
* * * LOW HITPOINT WARNING * * *
The hobgoblin barely misses you. The goblin misses you.
The goblin hits you but does no damage. The hobgoblin hits you with a +0 club.
* * * LOW HITPOINT WARNING * * *
The hobgoblin hits you with a +0 club.
* * * LOW HITPOINT WARNING * * *
The goblin barely misses you.
The goblin wields a +0 sling.
The goblin shoots a sling bullet.
The sling bullet barely misses you.
You see here a +0 club.
You closely miss the hobgoblin. The hobgoblin closely misses you.
The hobgoblin hits you with a +0 club.
* * * LOW HITPOINT WARNING * * *
The goblin barely misses you.
You closely miss the hobgoblin.
The goblin shoots a sling bullet.
The sling bullet barely misses you.
The hobgoblin hits you but does no damage.
The hobgoblin hits you with a +0 club.
You die...

#≈≈≈≈≈≈≈#####≈≈≈≈≈≈≈≈≈≈≈≈≈≈≈≈≈≈
#≈≈≈≈≈≈≈# ###################
#≈≈≈≈≈≈≈#. #......## ##.....#.
#.. #.......###......')
#'##........#......)##
#........!..#......)..
#...........'......†).
#...........#.........
##)hg.....#.......##
#g.g....###......). #g.....##
##.....#. ######## ########


You could see 2 hobgoblins and 2 goblins.

Vanquished Creatures
  An orc priest (D:3)
  An orc wizard (D:3)
  Robin (D:2)
  3 gnolls
  4 worms
  3 dart slugs
  4 orcs (D:3)
  7 endoplasms
  3 giant cockroaches
  35 goblins
  18 hobgoblins
  6 jackals (D:1)
  7 kobolds
  3 quokkas
  7 ball pythons
  5 bats
  A frilled lizard (D:2)
  8 rats
117 creatures vanquished.

Notes
Turn   | Place    | Note
-------+----------+-------------------------------------------
     0 | D:1      | Hubris850 the Troll Shapeshifter began the quest for the
                  | Orb.
     0 | D:1      | Reached XP level 1. HP: 18/18 MP: 0/0
    40 | D:1      | Reached skill level 1 in Fighting
    49 | D:1      | Reached XP level 2. HP: 27/27 MP: 1/1
   206 | D:1      | Found a faded altar of an unknown god.
   206 | D:1      | Noticed an eye of devastation
   208 | D:1      | Noticed a great orb of eyes
   209 | D:1      | Noticed an eye of devastation
   209 | D:1      | Noticed a golden eye
   235 | D:1      | Reached XP level 3. HP: 30/33 MP: 2/2
   921 | D:2      | Reached XP level 4. HP: 42/42 MP: 3/3
   974 | D:2      | Noticed Robin
   982 | D:2      | Killed Robin
  1955 | D:3      | Reached XP level 5. HP: 31/49 MP: 4/4
  2021 | D:3      | Found a shadowy altar of Dithmenos.
  2073 | D:3      | Found a sacrificial altar of Ru.
  2112 | D:3      | Found Udide's Weapon Emporium.
  2414 | D:3      | HP: 2/49 [hobgoblin/+0 club (4)]
  2415 | D:3      | Slain by a hobgoblin

Illustrated notes

Levels and vault maps discovered:
D:1:      dpeg_arrival_rhombus, layout_basic,
          hellmonk_ecumenical_altar_watching_god, serial_bayou_pond_b,
          minmay_misc_feat_tiny, serial_bayou_pond_c
D:2:      layout_basic, kennysheep_generic_room_3, uniq_robin
D:3:      minmay_goblin_kobold_castle, layout_basic,
          nicolae_ru_great_annihilating_truth, mainiacjoe_overflow_brackets,
          serial_shops, nicolae_shop_tiny_statue_garden

Skill      XL: |  1  2  3  4  5 |
---------------+----------------+-----
Fighting       | 1 2 |  2.0
Dodging        | 2 3 |  3.0
Unarmed Combat | 4 |  4.3
Shapeshifting  | 4 |  4.0

Action                     |  1- 3 |  4- 6 || total
---------------------------+-------+-------++-------
  Melee: Unarmed           |    72 |   165 ||   237
         Punch             |     1 |     3 ||     4
    Use: Scroll            |       |    10 ||    10
   Stab: Paralysed         |       |     1 ||     1
 Armour: Animal skin       |    41 |   139 ||   180
  Dodge: Dodged            |    31 |   133 ||   164

Table legend: (Time is in decaauts)
 A = Elapsed time spent in this place.
 B = Non-inter-level travel time spent in this place.
 C = Inter-level travel time spent in this place.
 D = Time resting spent in this place.
 E = Time spent auto-exploring this place.
 F = Levels seen in this place.
 G = Mean time per level.
                   A        B        C        D        E       F      G
               +--------+--------+--------+--------+--------+-----+--------+
         Total |   2397 |   2286 |    111 |     35 |   1639 |   3 |  799.0 |
       Dungeon |   2397 |   2286 |    111 |     35 |   1639 |   3 |  799.0 |
               +--------+--------+--------+--------+--------+-----+--------+

Top non-repeatable levels by time:
     D:2: 958 daAuts
     D:1: 834 daAuts
     D:3: 605 daAuts
